 Dungeon Crawl Stone Soup version 0.28.0-53-g5a82cb258f (webtiles) character file.

Game seed: 13853886537046166676

2 Descartes the Ducker (level 1, -2/12 HPs)
             Began as a Deep Elf Wanderer on July 2, 2022.
             Slain by a kobold
             ... wielding a +0 short sword
              (5 damage)
             ... on level 1 of the Dungeon.
             The game lasted 00:00:55 (148 turns).

Descartes the Ducker (Deep Elf Wanderer)             Turns: 148, Time: 00:00:55

Health: -2/12      AC:  3    Str:  9    XL:     1   Next: 33%
Magic:  5/5        EV: 13    Int: 14    God:
Gold:   10         SH:  0    Dex: 16    Spells: 3/3 levels left

rFire   . . .      SeeInvis .   a - +0 dagger
rCold   . . .      Faith    .   (no shield)
rNeg    . . .      Spirit   .   d - +0 leather armour
rPois   .          Reflect  .   (no helmet)
rElec   .          Harm     .   (no cloak)
rCorr   .          Rampage  .   (no gloves)
Will    .....                   (no boots)
Stlth   +.........              (no amulet)
HPRegen 0.04/turn               (no ring)
MPRegen 0.09/turn               (no ring)

@: no status effects
A: no striking features
a: no special abilities


You were on level 1 of the Dungeon.
You visited 1 branch of the dungeon, and saw 1 of its levels.

You collected 10 gold pieces.

Inventory:

Hand Weapons
 a - a +0 dagger (weapon)
Missiles
 b - 4 throwing nets (quivered)
Armour
 d - a +0 leather armour (worn)
Miscellaneous
 c - a piece from Xom's chessboard (14/15)


   Skills:
 + Level 1.0 Fighting
 + Level 4.8 Dodging
 + Level 0.1 Stealth
 + Level 1.6 Spellcasting
 + Level 1.0 Air Magic
 + Level 0.2 Poison Magic
 + Level 3.3 Evocations


You had 3 spell levels left.
You didn't know any spells.
Your spell library contained the following spells:

 Spells                   Type           Power      Damage    Failure   Level
 Corpse Rot               Necr/Air       4%         N/A       38%         2
 Poisonous Vapours        Pois/Air       4%         N/A       38%         2


Dungeon Overview and Level Annotations

Branches:
Dungeon (1/15)

Altars:


Message History

No target in view!
No target in view!
No target in view!
No target in view!
No target in view!
No target in view!
No target in view!
No target in view!
No target in view!
No target in view!
No target in view!
HP restored.
A kobold comes into view. It is wielding a +0 short sword.
The kobold shouts!
The kobold moves out of view.
An endoplasm comes into view.
The endoplasm quivers.
The endoplasm moves out of view.
The kobold hits you with a +0 short sword.
You closely miss the kobold. The kobold hits you but does no damage.
You hit the endoplasm.
The endoplasm is moderately wounded.
The endoplasm hits you but does no damage.
The kobold hits you with a +0 short sword.
* * * LOW HITPOINT WARNING * * *
You are too injured to fight recklessly!
You are too injured to fight recklessly!
You are too injured to fight recklessly!
You are too injured to fight recklessly!
You are too injured to fight recklessly!
You are too injured to fight recklessly!
You are too injured to fight recklessly!
The kobold throws a stone.
The stone barely misses you.
You make a move on Xom's chessboard...
The endoplasm suddenly stops moving!
The helpless endoplasm fails to defend itself.
You hit the endoplasm.
You kill the endoplasm!
You closely miss the kobold.
The kobold hits you with a +0 short sword.
You die...

#......
####........
#......
##.......####
......
##.....####
#...###....###
#........## ##
##......##
###.. #
#......# ##...
##
###.###.######
##...## #.
.......@#
#...##. #.
######.K#
#......
##.#######..#
#...##.
#........#.†#
##...##
#...........#
##....
#......#...##
###..
#...####.....#
.### #...#
#.....# ....
#.... #......#
#...


You could see a kobold.

Vanquished Creatures
  An endoplasm (D:1)
  A quokka (D:1)
2 creatures vanquished.

Notes
Turn   | Place    | Note
-------+----------+-------------------------------------------
     0 | D:1      | Descartes the Deep Elf Wanderer began the quest for the
                  | Orb.
     0 | D:1      | Descartes set off with the following items: a +0 dagger, 4
                  | throwing nets, a piece from Xom's chessboard (15/15), a +0
                  | leather armour; and the following spells available to
                  | memorise: Corpse Rot, Poisonous Vapours
     0 | D:1      | Reached XP level 1. HP: 12/12 MP: 5/5
   148 | D:1      | Slain by a kobold

Illustrated notes

Levels and vault maps discovered:
D:1:      dpeg_arrival_circle_labyrinth_c, layout_rooms, grunt_decor_one_mirror,
          hangedman_decor_growths, corner_web_ring

Action                   || total
-------------------------++-------
Melee: Dagger            ||     9
Evoke: Piece from Xom's  ||     1
 Stab: Paralysed         ||     1
Armor: Leather armour    ||     2
Dodge: Dodged            ||     5
